 Dungeon Crawl Stone Soup version 0.29.1-2-gbd0b4ee654 (webtiles) character file.

Game seed: 14870789860927639628

1276 DemonSlayer the Firebug (level 8, 0/50 (52) HPs)
             Began as an Octopode Fire Elementalist on Nov 13, 2022.
             Was an Initiate of Cheibriados.
             Slain by a hound (2 damage)
             ... on level 5 of the Dungeon.
             The game lasted 00:14:05 (8445 turns).

DemonSlayer the Firebug (OpFE)                      Turns: 8445, Time: 00:14:06

HP:   0/50 (52)     AC:  1    Str:  8    XL:     8   Next: 54%
MP:   0/17          EV: 13    Int: 24    God:    Cheibriados [......]
Gold: 1084          SH:  0    Dex: 12    Spells: 6/19 levels left

rFire   . . .      SeeInvis .   b - +0 dagger
rCold   . . .      Faith    .   (no shield)
rNeg    . . .      Spirit   +   f - +0 hat
rPois   +          Reflect  .   c - amulet of guardian spirit
rElec   .          Harm     .   (no ring)
rCorr   .          Rampage  .   (no ring)
Will    .....                   (no ring)
Stlth   ++++......              (no ring)
HPRegen 0.16/turn               (no ring)
MPRegen 0.15/turn               (no ring)
                                (no ring)
                                (no ring)

@: lightly drained, very slow
A: almost no armour, amphibious, 8 rings, camouflage 1, gelatinous body 1,
(nimble swimmer 1), tentacles, clever 1, poison resistance, robust 1
a: Renounce Religion


You were on level 5 of the Dungeon.
You worshipped Cheibriados.
Cheibriados was noncommittal.
You visited 1 branch of the dungeon, and saw 6 of its levels.

You collected 1084 gold pieces.

Inventory:

Hand Weapons
 b - a +0 dagger (weapon)
Missiles
 p - 2 throwing nets
Armour
 f - a +0 hat (worn)
Jewellery
 c - an amulet of guardian spirit (around mantle)
Wands
 m - a wand of flame (27)
Scrolls
 d - a scroll of magic mapping
 e - a scroll of immolation
Potions
 k - a potion of attraction
 n - a potion of brilliance


   Skills:
 + Level 1.1 Fighting
 + Level 1.9 Short Blades
 + Level 2.8 Dodging
 + Level 5.1 Stealth
 + Level 6.1 Spellcasting
 + Level 2.5 Conjurations
 + Level 6.3 Fire Magic


You had 6 spell levels left.
You knew the following spells:

 Your Spells              Type           Power      Damage    Failure   Level
a - Foxfire               Conj/Fire      100%       2x1d9     1%          1
b - Scorch                Fire           74%        2d9       1%          2
c - Conjure Flame         Conj/Fire      28%        6-21      3%          3
d - Inner Flame           Hex/Fire       22%        N/A       6%          3
e - Flame Wave            Conj/Fire      28%        2d9       13%         4

Your spell library contained the following spells:

 Spells                   Type           Power      Damage    Failure   Level


Dungeon Overview and Level Annotations

Branches:
Dungeon (6/15)
 Temple: D:4-7

Altars:
Cheibriados
Wu Jian
Xom

Shops:
D:3 :   D:6 (


Innate Abilities, Weirdness & Mutations

You cannot wear most types of armour.
You are amphibious.
You can wear up to eight rings at the same time.
Your skin changes colour to match your surroundings (Stealth+).
Your rubbery body absorbs attacks. (AC +1, EV +1)
((You are camouflaged when in or above water. (Stealth+)))
You have tentacles for arms and can constrict up to eight enemies at once.
Your mind is acute. (Int +4, Str/Dex -1)
Your system is resistant to poisons. (rPois)
You are robust. (+10% HP)


Message History

The hound bites you. x2
The hound barely misses you. The orc attacks as you move away!
The orc barely misses you.
The gnoll bouda barks out a call to the hunt!
The orc hits you with a +0 whip.
The gnoll bouda gazes fiercely through you!
You feel as though you will be weak longer.
The hound bites you. The hound attacks as you move away!
The hound completely misses you.
The hound is no longer more vulnerable to fire.
The gnoll hits you but does no damage. The orc attacks as you move away!
The orc closely misses you. The hound barely misses you.
There is a stone staircase leading up, spattered with blood here.
The hound bites you. The gnoll barely misses you. The orc misses you.
The hound bites you.
You climb upwards.
Your attacks no longer feel as feeble.
There is a stone staircase leading down, spattered with blood here.
You are too injured to fight recklessly!
You are too injured to fight recklessly!
You are too injured to fight recklessly!
Okay, then.
Okay, then.
The hound bites you. The hound misses you. The orc hits you with a +0 whip.
* * * LOW HITPOINT WARNING * * *
The hound attacks as you move away! The hound barely misses you.
The gnoll hits you with a +0 club.
* * * LOW HITPOINT WARNING * * *
The hound barely misses you. The gnoll attacks as you move away!
The gnoll barely misses you. The hound barely misses you.
The gnoll barely misses you. The hound closely misses you.
The hound barely misses you. The orc barely misses you.
The gnoll completely misses you. The hound attacks as you move away!
The hound misses you. x2
The hound misses you. The gnoll hits you with a +0 club!
* * * LOW HITPOINT WARNING * * *
The hound attacks as you move away! The hound misses you. The hound bites you.
You die...

.....#####..........####### ##.
....## #.............## ####..
.....# #####......##..# ##....#
...#.## ##.......##.....###..###.
...#..###...................####.
##...............[..............)
###....>.................#######
##..)##......o.<.........#####.
#..####.....gh@................
#### ##................######.
#....[...........# ##
##..............## #
##.....##.....## ##############


You could see a hound, a gnoll (swift) and an orc.

Vanquished Creatures
  Edmund (D:5)
  3 black bears
  An ogre (D:5)
  A bullfrog (D:4)
  A necrophage (D:6)
  Blork the orc (D:4)
  A scorpion (D:4)
  A howler monkey (D:5)
  A hound (D:5)
  3 orc priests
  2 jellies (D:6)
  3 iguanas (D:4)
  An orc wizard (D:6)
  7 gnolls
  6 adders
  An ufetubus (D:6)
  2 worms
  2 dart slugs (D:5)
  17 orcs
  10 endoplasms
  3 giant cockroaches
  4 goblins
  4 hobgoblins
  8 jackals
  7 kobolds
  3 quokkas
  7 ball pythons
  4 bats
  4 frilled lizards
  2 rats (D:1)
111 creatures vanquished.

Vanquished Creatures (collateral kills)
  An orc (D:6)
1 creature vanquished.

Vanquished Creatures (others)
  157 foxfires
157 creatures vanquished.

Grand Total: 269 creatures vanquished

Notes
Turn   | Place    | Note
-------+----------+-------------------------------------------
     0 | D:1      | DemonSlayer the Octopode Fire Elementalist began the quest
                  | for the Orb.
     0 | D:1      | Reached XP level 1. HP: 11/11 MP: 3/3
     6 | D:1      | Noticed a ragged hierophant
     6 | D:1      | Noticed a tyrant leech
     6 | D:1      | Noticed a basilisk
     7 | D:1      | Noticed an ettin
   245 | D:1      | Reached XP level 2. HP: 14/17 MP: 0/5
   448 | D:1      | Found a faded altar of an unknown god.
   461 | D:1      | You fall into a shaft and drop 1 floor!
   662 | D:2      | Learned a level 2 spell: Scorch
   725 | D:2      | Reached XP level 3. HP: 9/21 MP: 0/6
  1784 | D:1      | Learned a level 3 spell: Conjure Flame
  1825 | D:3      | Found an ornate altar of the Wu Jian Council.
  1909 | D:3      | Reached skill level 1 in Short Blades
  2285 | D:3      | Reached XP level 4. HP: 15/27 MP: 0/7
  2696 | D:3      | Found Ruruwel's Book Boutique.
  2929 | D:3      | Reached XP level 5. HP: 16/31 MP: 4/9
  3446 | D:3      | Learned a level 3 spell: Inner Flame
  4272 | D:4      | Reached XP level 6. HP: 19/37 MP: 0/11
  4724 | D:4      | Found a shimmering altar of Xom.
  4724 | D:4      | Found a shimmering altar of Xom.
  5285 | D:4      | Reached XP level 7. HP: 42/42 MP: 11/13
  5523 | D:4      | Found a shimmering altar of Xom.
  5525 | D:4      | Found a shimmering altar of Xom.
  5527 | D:4      | Found a shimmering altar of Xom.
  5560 | D:4      | Found a shimmering altar of Xom.
  5573 | D:4      | Noticed Blork the orc
  5578 | D:4      | Killed Blork the orc
  5685 | D:4      | Found a shimmering altar of Xom.
  5735 | D:5      | Entered Level 5 of the Dungeon
  5758 | D:4      | Reached skill level 5 in Fire Magic
  5996 | D:6      | Found Tuf Zep's Weapon Boutique.
  6021 | D:6      | Reached skill level 5 in Spellcasting
  6219 | D:5      | Reached skill level 5 in Stealth
  6219 | D:5      | Reached XP level 8. HP: 43/47 MP: 8/15
  6332 | D:5      | Noticed Edmund
  6339 | D:5      | Killed Edmund
  6943 | D:4      | Reached skill level 1 in Fighting
  7931 | D:5      | Found a snail-covered altar of Cheibriados.
  7936 | D:5      | Became a worshipper of Cheibriados the Contemplative
  8068 | D:5      | Learned a level 4 spell: Flame Wave
  8074 | D:5      | Identified a scroll of acquirement
  8074 | D:5      | Acquired 936 gold pieces
  8087 | D:6      | HP: 1/45 [orc wizard/+0 dagger (3)]
  8088 | D:6      | Gained mutation: You are robust. (+10% HP) [potion of
                  | mutation]
  8088 | D:6      | Gained mutation: Your mind is acute. (Int +4, Str/Dex -1)
                  | [potion of mutation]
  8088 | D:6      | Gained mutation: Your system is resistant to poisons.
                  | (rPois) [potion of mutation]
  8444 | D:5      | HP: 1/50 [gnoll/+0 club[a gnoll bouda] (7)]
  8445 | D:5      | Slain by a hound

Illustrated notes

Levels and vault maps discovered:
D:1:      onia_arrival_zoo_common, layout_rooms, shapermc_ecumenical_altar_venn
D:2:      layout_basic, wander_ebering_terrifying_dragon_lair
D:3:      layout_basic, mainiacjoe_overflow_cross_hatched, serial_shops,
          shop_fountains
D:4:      layout_gridville, nicolae_xom_altar_mimics, uniq_blork_the_orc
D:5:      layout_rooms, mainiacjoe_overflow_alcove_4, kennysheep_generic_room_4,
          uniq_edmund
D:6:      layout_rooms, serial_shops, nicolae_shop_hallway_stairs, shop,
          nicolae_shop_bloodbath_and_beyond, shop, shop

Skill      XL: |  1  2  3  4  5  6  7  8 |
---------------+-------------------------+-----
Stealth        | 3 4 5 |  5.1
Short Blades   | 1 |  1.9
Spellcasting   | 3 4 5 6 |  6.1
Fire Magic     | 4 5 6 |  6.3
Conjurations   | 2 |  2.5
Fighting       | 1 |  1.1
Dodging        | |  2.8

Action                   |  1- 3 |  4- 6 |  7- 9 || total
-------------------------+-------+-------+-------++-------
Melee: Dagger            |    35 |    33 |    13 ||    81
       Constrict         |     8 |    11 |     4 ||    23
       Unarmed           |     1 |       |       ||     1
       Tentacles         |     2 |     9 |     2 ||    13
       Punch             |     1 |     1 |       ||     2
 Cast: Foxfire           |    35 |    57 |       ||    92
       Scorch            |     7 |    25 |    72 ||   104
  Use: Potion            |       |     1 |     4 ||     5
       Scroll            |       |     6 |    17 ||    23
 Stab: Sleeping          |     8 |     6 |       ||    14
Armor: Skin              |     2 |     1 |     4 ||     7
Dodge: Dodged            |    28 |    24 |    75 ||   127
